[Event "Magistral Ajedrez 2019"]
[Site "Zaragoza"]
[Date "2019.07.18"]
[Round "6.5"]
[White "Llorente Zaro, Alfonso"]
[Black "Gomez Anadon, Daniel"]
[Result "1/2-1/2"]
[ECO "C67"]
[WhiteElo "2445"]
[BlackElo "2305"]
[Annotator "NA"]
[PlyCount "64"]
[EventDate "2019.07.15"]
[EventType "swiss"]
[EventCountry "ESP"]
[SourceTitle "playchess.com"]
[Source "ChessBase"]
[SourceQuality "1"]
[TimeControl "5400+30"]

1. e4 e5 2. Nf3 Nc6 3. Bb5 Nf6 4. O-O Nxe4 5. Re1 Nd6 6. Nxe5 Be7 7. Bf1 Nxe5 8. Rxe5 O-O 9. d4 Bf6 10. Re1 Nf5 11. c3 d5 12. Bf4 c6 13. Nd2 Nh4 14. Bd3 Bf5 15. Bxf5 Nxf5 16. Nf3 Qd7 17. Qd2 Rfe8 18. Rxe8+ Rxe8 19. Re1 Rxe1+ 20. Qxe1 Qe7 21. Kf1 Kf8 22. Qxe7+ Kxe7 23. Ke2 Nh4 24. Nxh4 Bxh4 25. f3 Ke6 26. h3 g6 27. Kd3 Be7 28. g4 f5 29. Be3 Bd6 30. Ke2 a6 31. Kd3 Bc7 32. Bd2 Bd6 {Ke4 Ke5+} 1/2-1/2

[Event "Magistral Ajedrez 2019"]
[Site "Zaragoza"]
[Date "2019.07.19"]
[Round "7.1"]
[White "Gomez Anadon, Daniel"]
[Black "Romero Pallares, Daniel"]
[Result "1/2-1/2"]
[ECO "B06"]
[WhiteElo "2305"]
[BlackElo "2230"]
[Annotator "ChessBase"]
[PlyCount "197"]
[EventDate "2019.07.15"]
[EventType "swiss"]
[EventCountry "ESP"]
[SourceTitle "playchess.com"]
[Source "ChessBase"]
[SourceQuality "1"]
[TimeControl "5400+30"]

1. e4 g6 2. d4 Bg7 3. Nc3 c6 4. f4 d5 5. e5 Nh6 6. Nf3 O-O 7. Be3 Bg4 8. h3 Bxf3 9. Qxf3 f6 10. exf6 exf6 11. O-O-O f5 12. Bd3 Nd7 13. g4 b5 14. Kb1 Nb6 15. Ne2 Nc4 16. Bc1 Nd6 17. g5 Nhf7 18. h4 Ne4 19. h5 Re8 20. Rh2 Nfd6 21. Rdh1 Qb6 22. hxg6 hxg6 23. Rh7 Kf7 24. R1h6 Rh8 25. Qh3 Rxh7 26. Rxh7 Rg8 27. Ng1 Nf2 28. Qe3 Ng4 29. Qh3 Qxd4 30. Nf3 Qf2 31. Ne5+ Nxe5 32. fxe5 Nc4 33. Bxc4 dxc4 34. Qa3 Qd4 35. Qa6 Qb6 36. Qa3 Qc7 37. Qc5 Rh8 38. Rxh8 Bxh8 39. a4 Qd7 40. axb5 cxb5 41. Bf4 Bg7 42. Ka2 Ke6 43. Bg3 Kf7 44. Bf4 Bf8 45. e6+ Qxe6 46. Qxb5 Be7 47. c3 Qe4 48. Qb8 a5 49. Qc7 a4 50. Be5 Ke6 51. Bd4 f4 52. Qc8+ Kf7 53. Qh8 a3 54. Qg7+ Ke6 55. Qg8+ Kf5 56. Qf7+ Kg4 57. Qxc4 axb2 58. Kxb2 f3 59. Qc8+ Kg3 60. Qc7+ Kg2 61. Qa7 Qe2+ 62. Kb3 Qb5+ 63. Kc2 Bxg5 64. Qa8 Bh4 65. Kc1 Qb3 66. Kd2 Qb2+ 67. Ke3 Qe2+ 68. Kf4 g5+ 69. Kf5 Qd3+ 70. Kg4 Qe2 71. Qd5 Bg3 72. Kxg5 Qe7+ 73. Kg4 Qh4+ 74. Kf5 Qh5+ 75. Ke6 Qxd5+ 76. Kxd5 Bf2 77. Bf6 Be1 78. Bd4 Bxc3 79. Bc5 Bb4 80. Bd4 Bc3 81. Bc5 Bb4 82. Bd4 Kf1 83. Ke4 Ke2 84. Bb6 Bd6 85. Bd4 Bg3 86. Bc5 Bf2 87. Bd6 Bd4 88. Bg3 Bf6 89. Be1 Be5 90. Bh4 Bf6 91. Be1 Bg5 92. Bg3 Bd2 93. Bh4 Be3 94. Bg3 Bf2 95. Be5 Bg1 96. Bg3 Bf2 97. Be5 Be1 98. Bd4 f2 99. Bxf2 1/2-1/2

[Event "Magistral Ajedrez 2019"]
[Site "Zaragoza"]
[Date "2019.07.19"]
[Round "7.2"]
[White "Villuendas Valero, Adrian"]
[Black "Llorente Zaro, Alfonso"]
[Result "0-1"]
[ECO "B07"]
[WhiteElo "2250"]
[BlackElo "2445"]
[Annotator "NA"]
[PlyCount "87"]
[EventDate "2019.07.15"]
[EventType "swiss"]
[EventCountry "ESP"]
[SourceTitle "playchess.com"]
[Source "ChessBase"]
[SourceQuality "1"]
[TimeControl "5400+30"]

1. d4 d6 2. e4 Nf6 3. Nc3 e5 4. dxe5 dxe5 5. Qxd8+ Kxd8 6. Bg5 Bd6 7. f4 h6 8. Bh4 exf4 9. O-O-O Nbd7 10. Nf3 Re8 11. Bxf6+ gxf6 12. Bc4 Ne5 13. Nxe5 Rxe5 14. Nb5 Rxe4 15. Nxd6 cxd6 16. Bd5 Re5 17. Rhf1 Rb8 18. Rxf4 Be6 19. Bxe6 Rxe6 20. Rh4 Ke7 21. Rxh6 Rg8 22. g3 f5 23. Rh4 Rg4 24. Rd4 Rxh4 25. Rxh4 Re2 26. Rh8 Kf6 27. h4 Rg2 28. h5 Rxg3 29. Kd2 f4 30. h6 Rh3 31. h7 Rh2+ 32. Kd3 Kf5 33. c4 b6 34. b4 f6 35. b5 Rh3+ 36. Kd4 Rh1 37. Kd3 Rh2 38. Kd4 Rh3 39. a4 Rh1 40. Kd3 Rh2 41. a5 bxa5 42. Rd8 Rxh7 43. Rxd6 Re7 44. Kd4 {Ke5+} 0-1

[Event "Magistral Ajedrez 2019"]
[Site "Zaragoza"]
[Date "2019.07.19"]
[Round "7.3"]
[White "Randazzo, Adrian"]
[Black "Sos Andreu, Eric"]
[Result "1/2-1/2"]
[ECO "C01"]
[WhiteElo "2227"]
[BlackElo "2343"]
[Annotator "NA"]
[PlyCount "69"]
[EventDate "2019.07.15"]
[EventType "swiss"]
[EventCountry "ESP"]
[SourceTitle "playchess.com"]
[Source "ChessBase"]
[SourceQuality "1"]
[TimeControl "5400+30"]

1. e4 e6 2. d4 d5 3. exd5 exd5 4. Bd3 Bd6 5. Nf3 Nf6 6. Qe2+ Qe7 7. Qxe7+ Bxe7 8. O-O O-O 9. Bg5 Bg4 10. Nbd2 Nbd7 11. Rfe1 Rfe8 12. c3 Bd6 13. Kf1 Kf8 14. h3 Bxf3 15. Nxf3 h6 16. Bxf6 Nxf6 17. Rxe8+ Rxe8 18. Re1 Rxe1+ 19. Kxe1 Ke7 20. Ke2 c6 21. Nd2 Nd7 22. g3 Nf8 23. a4 Ne6 24. h4 h5 25. Nf3 g6 26. Ng5 Nxg5 27. hxg5 a5 28. f4 f5 29. gxf6+ Kxf6 30. Kf3 b6 31. b3 Ba3 32. Ba6 Bb2 33. Bb7 Bxc3 34. Bxc6 Bxd4 35. Bxd5 {[%emt 0:00:08] Ke5 Ke4+} 1/2-1/2

[Event "Magistral Ajedrez 2019"]
[Site "Zaragoza"]
[Date "2019.07.19"]
[Round "7.4"]
[White "Chueca Forcen, Alberto"]
[Black "Kovacevic, Slobodan"]
[Result "1-0"]
[ECO "A61"]
[WhiteElo "2283"]
[BlackElo "2257"]
[Annotator "NA"]
[PlyCount "114"]
[EventDate "2019.07.15"]
[EventType "swiss"]
[EventCountry "ESP"]
[SourceTitle "playchess.com"]
[Source "ChessBase"]
[SourceQuality "1"]
[TimeControl "5400+30"]

1. d4 Nf6 2. c4 e6 3. Nc3 c5 4. d5 exd5 5. cxd5 d6 6. Nf3 g6 7. Bf4 a6 8. e4 Bg7 9. Qa4+ Bd7 10. Qb3 Bc8 11. a4 O-O 12. Bd3 Nh5 13. Bg5 Bf6 14. Bh6 Re8 15. O-O Nd7 16. Be3 Ne5 17. Nxe5 Bxe5 18. f4 Bg7 19. Rae1 Nf6 20. h3 Nd7 21. e5 dxe5 22. f5 e4 23. fxg6 hxg6 24. Bxe4 Bxc3 25. Bxg6 Bxe1 26. Bxf7+ Kg7 27. Qd1 Nf6 28. Bxe8 Qxe8 29. Qxe1 Qg6 30. Rf3 Ne4 31. Bxc5 Bd7 32. Bd4+ Kg8 33. Qh4 Qh7 34. Qxh7+ Kxh7 35. Rf7+ Kg6 36. Rxd7 b5 37. axb5 axb5 38. Rb7 Ra1+ 39. Kh2 Rd1 40. Be3 Rxd5 41. b4 Rd3 42. Rb6+ Kf7 43. Bc5 Nc3 44. h4 Rd5 45. Rd6 Rxd6 46. Bxd6 Ke6 47. Bf8 Kf5 48. Kh3 Ne4 49. Bh6 Nf2+ 50. Kg3 Ng4 51. Bd2 Ne5 52. Bc3 Ng6 53. h5 Ne7 54. Kf3 Nd5 55. g4+ Ke6 56. h6 Nxc3 57. h7 Kd5 {Ke4+} 1-0

[Event "Magistral Ajedrez 2019"]
[Site "Zaragoza"]
[Date "2019.07.19"]
[Round "7.5"]
[White "Shome Shiv"]
[Black "Dardha, Daniel"]
[Result "0-1"]
[ECO "B32"]
[WhiteElo "2298"]
[BlackElo "2420"]
[Annotator "NA"]
[PlyCount "100"]
[EventDate "2019.07.15"]
[EventType "swiss"]
[EventCountry "ESP"]
[SourceTitle "playchess.com"]
[Source "ChessBase"]
[SourceQuality "1"]
[TimeControl "5400+30"]

1. e4 c5 2. Nf3 Nc6 3. d4 cxd4 4. Nxd4 e5 5. Nb5 d6 6. N1c3 a6 7. Na3 Be7 8. Nd5 Nf6 9. Nxf6+ Bxf6 10. Be2 O-O 11. O-O Be6 12. c4 Bg5 13. Nc2 Bxc1 14. Rxc1 Qh4 15. Qd3 Rfd8 16. Rfd1 Rac8 17. b3 Qg5 18. Rd2 Rd7 19. Rcd1 Rcd8 20. b4 Ne7 21. Qa3 Ng6 22. Ne3 Nf4 23. Bf3 h5 24. Kh1 h4 25. g3 hxg3 26. fxg3 Nh5 27. Nd5 Bxd5 28. Rxd5 Nf6 29. R5d3 Qg6 30. Re3 Ne8 31. b5 Nc7 32. Red3 axb5 33. c5 d5 34. Qa7 f5 35. Qb6 Qf7 36. Bg2 dxe4 37. Rd6 Ne6 38. Bf1 Nd4 39. Bxb5 Rxd6 40. cxd6 Qf6 41. Bc4+ Kh7 42. Qxb7 Rxd6 43. a4 Rc6 44. Qb4 Qh6 45. Bf1 Rc2 46. Bg2 Nf3 47. h4 Nxh4 48. gxh4 Qxh4+ 49. Kg1 Qf2+ 50. Kh1 Qxg2# 0-1

[Event "Magistral Ajedrez 2019"]
[Site "Zaragoza"]
[Date "2019.07.20"]
[Round "8.1"]
[White "Romero Pallares, Daniel"]
[Black "Dardha, Daniel"]
[Result "1/2-1/2"]
[ECO "A05"]
[WhiteElo "2230"]
[BlackElo "2420"]
[Annotator "NA"]
[PlyCount "60"]
[EventDate "2019.07.15"]
[EventType "swiss"]
[EventCountry "ESP"]
[SourceTitle "playchess.com"]
[Source "ChessBase"]
[SourceQuality "1"]
[TimeControl "5400+30"]

1. Nf3 Nf6 2. b3 g6 3. Bb2 Bg7 4. g3 b6 5. Bg2 Bb7 6. O-O O-O 7. c4 c5 8. d4 cxd4 9. Nxd4 Bxg2 10. Kxg2 d5 11. cxd5 Qxd5+ 12. Nf3 Nc6 13. Qxd5 Nxd5 14. Bxg7 Kxg7 15. Nbd2 Rac8 16. Rac1 Rfd8 17. Nc4 Nf6 18. Rfd1 Rxd1 19. Rxd1 Kf8 20. Kf1 Rd8 21. Rc1 Nd4 22. Nxd4 Rxd4 23. Ke1 Nd7 24. Rd1 Rxd1+ 25. Kxd1 Ke8 26. Kc2 Nb8 27. Kc3 Kd7 28. Kb4 Kc7 29. Kc3 Nc6 30. a3 Kd7 1/2-1/2

[Event "Magistral Ajedrez 2019"]
[Site "Zaragoza"]
[Date "2019.07.20"]
[Round "8.2"]
[White "Kovacevic, Slobodan"]
[Black "Shome Shiv"]
[Result "1-0"]
[ECO "D00"]
[WhiteElo "2257"]
[BlackElo "2298"]
[Annotator "ChessBase"]
[PlyCount "228"]
[EventDate "2019.07.15"]
[EventType "swiss"]
[EventCountry "ESP"]
[SourceTitle "playchess.com"]
[Source "ChessBase"]
[SourceQuality "1"]
[TimeControl "5400+30"]

1. d4 d5 2. Bf4 Bf5 3. e3 e6 4. c4 Bxb1 5. Qxb1 Bb4+ 6. Kd1 Bd6 7. Bg3 Nf6 8. Nf3 Ne4 9. Qc2 Bxg3 10. hxg3 Nd7 11. Bd3 Ndf6 12. Ke2 c6 13. c5 Qc7 14. Ne5 h6 15. Rh3 Ng5 16. Rh4 Nge4 17. g4 Ke7 18. Rc1 Rhc8 19. a3 Qa5 20. f3 Ng5 21. Kf1 Rab8 22. Ra1 Qc7 23. Kg1 a6 24. Rc1 Qa5 25. Kf2 Rd8 26. Rf1 Ke8 27. Kg1 Ke7 28. Rc1 Rdc8 29. Rb1 Rd8 30. Rh1 Rh8 31. Kf2 Rhd8 32. Ra1 Qc7 33. b4 Ra8 34. a4 Nd7 35. Nxd7 Qxd7 36. f4 Ne4+ 37. Bxe4 dxe4 38. Qxe4 Qd5 39. Qc2 f5 40. Rh5 Rf8 41. g3 g6 42. Rxh6 Rh8 43. g5 Rxh6 44. gxh6 Rh8 45. Qa2 Rxh6 46. Qxd5 exd5 47. Kg2 Rh8 48. b5 Kd7 49. bxc6+ bxc6 50. Rb1 Kc7 51. Rb6 a5 52. Rb1 Re8 53. Re1 Kd7 54. Kf3 Rh8 55. Kg2 Re8 56. g4 Rh8 57. Kg3 Rh7 58. Rb1 Kc7 59. Rb2 Re7 60. Re2 Rh7 61. Rg2 Kd7 62. gxf5 gxf5 63. Kf3 Rh3+ 64. Ke2 Rh7 65. Kd3 Rf7 66. Rg8 Kc7 67. Ke2 Rh7 68. Rg5 Rf7 69. Kf3 Kd7 70. Rg6 Kc7 71. Rg8 Kb7 72. Re8 Kc7 73. Kg3 Rh7 74. Rf8 Rh5 75. Rf7+ Kc8 76. Rg7 Rh6 77. Kg2 Re6 78. Kf2 Rh6 79. Kf3 Rh3+ 80. Rg3 Rh6 81. Kg2 Re6 82. Rh3 Rf6 83. Rh7 Rg6+ 84. Kf3 Rf6 85. Kg3 Re6 86. Kh4 Rxe3 87. Kg5 Re4 88. Kxf5 Rxd4 89. Ke5 Re4+ 90. Kd6 Rxf4 91. Kxc6 Rf6+ 92. Kxd5 Kb8 93. Kc4 Rf4+ 94. Kb5 Rb4+ 95. Kxa5 Rb1 96. Ka6 Kc8 97. Ka5 Kb8 98. Rh4 Kc7 99. Rb4 Rc1 100. Kb5 Rc2 101. a5 Kb7 102. a6+ Ka7 103. Re4 Rb2+ 104. Kc6 Rc2 105. Re8 Rc1 106. Re5 Kxa6 107. Kc7 Rh1 108. Re7 Rh8 109. c6 Ka7 110. Rd7 Rf8 111. Rd6 Rf7+ 112. Kc8 Rf8+ 113. Rd8 Rf1 114. c7 Rc1 1-0

[Event "Magistral Ajedrez 2019"]
[Site "Zaragoza"]
[Date "2019.07.20"]
[Round "8.3"]
[White "Sos Andreu, Eric"]
[Black "Chueca Forcen, Alberto"]
[Result "1-0"]
[ECO "A25"]
[WhiteElo "2343"]
[BlackElo "2283"]
[Annotator "NA"]
[PlyCount "167"]
[EventDate "2019.07.15"]
[EventType "swiss"]
[EventCountry "ESP"]
[SourceTitle "playchess.com"]
[Source "ChessBase"]
[SourceQuality "1"]
[TimeControl "5400+30"]

1. c4 e5 2. g3 Nc6 3. Bg2 g6 4. Nc3 Bg7 5. e3 d6 6. Nge2 f5 7. O-O Nf6 8. d3 O-O 9. b3 Ne7 10. Ba3 c6 11. Rc1 Qc7 12. Qd2 Be6 13. e4 Rad8 14. Nd5 Qd7 15. Nxf6+ Bxf6 16. d4 fxe4 17. dxe5 Bxe5 18. Bxe4 Bh3 19. Bg2 Bxg2 20. Kxg2 Rf7 21. Rcd1 d5 22. Qe3 Bg7 23. Qxa7 d4 24. Bxe7 Qxe7 25. Nc1 Qe4+ 26. Kg1 h5 27. Qa5 Rdf8 28. h4 Bh6 29. Nd3 Rf3 30. Qe5 Qg4 31. Kg2 Bg7 32. Qe1 Qf5 33. Qe2 Qg4 34. Rfe1 Kh7 35. Qe4 Qxe4 36. Rxe4 R3f5 37. Re7 b5 38. cxb5 cxb5 39. Nf4 R5f7 40. Re6 Ra8 41. Re2 Rfa7 42. Rdd2 Bf6 43. Ne6 Rd7 44. Rd3 Rda7 45. Rdd2 Rd7 46. Nc5 Rd5 47. Nd3 Kg7 48. Rc2 Rd7 49. Rc6 Re7 50. Rxe7+ Bxe7 51. Rc2 Kf6 52. Kf3 Kf5 53. Rc7 Ke6 54. Rc6+ Bd6 55. Rb6 Rxa2 56. Rxb5 Be7 57. Nf4+ Kf7 58. Rb7 Ke8 59. Nxg6 Bd6 60. Rb5 Rb2 61. Rd5 Rxb3+ 62. Kg2 Bb8 63. Rxd4 Rb2 64. Re4+ Kf7 65. Nf4 Ba7 66. Re2 Rb5 67. Rd2 Ra5 68. Rd5 Rxd5 69. Nxd5 Kg6 70. Nf4+ Kh6 71. f3 Bb8 72. Ne6 Kg6 73. Nf4+ Bxf4 74. gxf4 Kf5 75. Kg3 Ke6 76. Kf2 Kf6 77. Ke2 Ke6 78. Kd3 Kd5 79. Ke3 Ke6 80. Ke4 Kf6 81. f5 Kg7 82. Ke5 Kf7 83. f6 Ke8 84. Ke4 1-0

[Event "Magistral Ajedrez 2019"]
[Site "Zaragoza"]
[Date "2019.07.20"]
[Round "8.5"]
[White "Gomez Anadon, Daniel"]
[Black "Villuendas Valero, Adrian"]
[Result "1/2-1/2"]
[ECO "A04"]
[WhiteElo "2305"]
[BlackElo "2250"]
[Annotator "NA"]
[PlyCount "64"]
[EventDate "2019.07.15"]
[EventType "swiss"]
[EventCountry "ESP"]
[SourceTitle "playchess.com"]
[Source "ChessBase"]
[SourceQuality "1"]
[TimeControl "5400+30"]

1. Nf3 c5 2. g3 Nc6 3. Bg2 g6 4. O-O Bg7 5. e4 d6 6. d3 e5 7. c3 Nge7 8. a3 O-O 9. b4 h6 10. b5 Na5 11. c4 f5 12. Nfd2 f4 13. Nc3 g5 14. Bb2 g4 15. f3 h5 16. Nd5 Ng6 17. Bc3 b6 18. a4 Qg5 19. Qe1 h4 20. fxg4 hxg3 21. h3 Rf7 22. Bxa5 bxa5 23. Nf3 Qd8 24. Rb1 Rb8 25. Rb2 Bf8 26. Qd2 Be6 27. Rc1 Rh7 28. Kf1 Kh8 29. Qe2 Bh6 30. Ke1 Bg5 31. Kd1 Nh4 32. Nxh4 Bxh4 1/2-1/2

[Event "Magistral Ajedrez 2019"]
[Site "Zaragoza"]
[Date "2019.07.21"]
[Round "9.1"]
[White "Villuendas Valero, Adrian"]
[Black "Romero Pallares, Daniel"]
[Result "1-0"]
[ECO "E61"]
[WhiteElo "2250"]
[BlackElo "2230"]
[Annotator "NA"]
[PlyCount "143"]
[EventDate "2019.07.15"]
[EventType "swiss"]
[EventCountry "ESP"]
[SourceTitle "playchess.com"]
[Source "ChessBase"]
[SourceQuality "1"]
[TimeControl "5400+30"]

1. d4 Nf6 2. c4 g6 3. Nc3 Bg7 4. Nf3 O-O 5. Bg5 c5 6. e3 cxd4 7. exd4 d5 8. Bxf6 exf6 9. cxd5 Nd7 10. Be2 Nb6 11. Qb3 Qd6 12. O-O Bd7 13. Rfe1 Rad8 14. a4 a5 15. Ne4 Qb4 16. Qxb4 axb4 17. Nc5 Bc8 18. a5 Nxd5 19. h3 Rfe8 20. Bc4 Rxe1+ 21. Rxe1 Kf8 22. Nd3 Bf5 23. Nc5 Bc8 24. Nd3 Bh6 25. Ra1 Bf5 26. Nc5 Bc8 27. Bxd5 Rxd5 28. Ra4 Bf4 29. Rxb4 Bd6 30. Rc4 Ke7 31. Kf1 Be6 32. Rc3 Bxc5 33. Rxc5 Rd6 34. Rc7+ Rd7 35. Rc5 Rd6 36. Rc7+ Rd7 37. Rxd7+ Kxd7 38. Ke2 Kc6 39. Nd2 Bd5 40. g3 Kb5 41. Kd3 f5 42. Kc3 Kxa5 43. Nc4+ Kb5 44. Ne3 Be4 45. f4 Bf3 46. h4 Be4 47. Kb3 Bf3 48. Kc3 Be4 49. Nc4 Bd5 50. Ne5 Be6 51. Nf3 f6 52. Ne1 Bd5 53. Nc2 Be4 54. Ne3 Bf3 55. d5 Kc5 56. b4+ Kb5 57. Kd4 Kb6 58. Nc4+ Kc7 59. Kc5 Be2 60. Nb6 Bf3 61. b5 Bg2 62. d6+ Kd8 63. Nd5 Bxd5 64. Kxd5 Kd7 65. Kc5 h5 66. Kb6 Kxd6 67. Kxb7 Kd5 68. Kc7 Ke4 69. b6 Kf3 70. b7 Kxg3 71. b8=Q Kxh4 72. Qf8 1-0

[Event "Magistral Ajedrez 2019"]
[Site "Zaragoza"]
[Date "2019.07.21"]
[Round "9.2"]
[White "Randazzo, Adrian"]
[Black "Gomez Anadon, Daniel"]
[Result "1/2-1/2"]
[ECO "C42"]
[WhiteElo "2227"]
[BlackElo "2305"]
[Annotator "NA"]
[PlyCount "61"]
[EventDate "2019.07.15"]
[EventType "swiss"]
[EventCountry "ESP"]
[SourceTitle "playchess.com"]
[Source "ChessBase"]
[SourceQuality "1"]
[TimeControl "5400+30"]

1. e4 e5 2. Nf3 Nf6 3. Nxe5 d6 4. Nf3 Nxe4 5. Qe2 Qe7 6. d3 Nf6 7. Bg5 Qxe2+ 8. Bxe2 Be7 9. Nc3 c6 10. O-O h6 11. Bd2 O-O 12. Rfe1 d5 13. h3 Bf5 14. Bf1 Bd6 15. Ne2 Nbd7 16. Bf4 Bxf4 17. Nxf4 Rfe8 18. Rxe8+ Rxe8 19. Re1 Rxe1 20. Nxe1 Kf8 21. f3 Ke7 22. Kf2 Nc5 23. b3 Ne6 24. Nxe6 Kxe6 25. d4 Ne8 26. Bd3 Nd6 27. Ke3 Bxd3 28. Kxd3 Kf5 29. Ke3 Ke6 30. Kd3 Kf5 31. Ke3 {[%emt 0:00:07] Ke5 Ke4+} 1/2-1/2

[Event "Magistral Ajedrez 2019"]
[Site "Zaragoza"]
[Date "2019.07.21"]
[Round "9.3"]
[White "Chueca Forcen, Alberto"]
[Black "Llorente Zaro, Alfonso"]
[Result "1/2-1/2"]
[ECO "D00"]
[WhiteElo "2283"]
[BlackElo "2445"]
[Annotator "NA"]
[PlyCount "43"]
[EventDate "2019.07.15"]
[EventType "swiss"]
[EventCountry "ESP"]
[SourceTitle "playchess.com"]
[Source "ChessBase"]
[SourceQuality "1"]
[TimeControl "5400+30"]

1. d4 d5 2. Bf4 Nf6 3. e3 e6 4. Nd2 c5 5. c3 Nc6 6. Ngf3 Bd6 7. Bg3 O-O 8. Bd3 Qe7 9. Ne5 Nd7 10. Nxd7 Qxd7 11. Bxd6 Qxd6 12. dxc5 Qxc5 13. Bxh7+ Kxh7 14. Qh5+ Kg8 15. Ne4 g6 16. Qg5 Qe7 17. Nf6+ Kg7 18. Nh5+ Kh7 19. Nf6+ Kg7 20. Nh5+ Kh7 21. Nf6+ Kg7 22. Nh5+ 1/2-1/2

[Event "Magistral Ajedrez 2019"]
[Site "Zaragoza"]
[Date "2019.07.21"]
[Round "9.4"]
[White "Shome Shiv"]
[Black "Sos Andreu, Eric"]
[Result "1/2-1/2"]
[ECO "C42"]
[WhiteElo "2298"]
[BlackElo "2343"]
[Annotator "NA"]
[PlyCount "45"]
[EventDate "2019.07.15"]
[EventType "swiss"]
[EventCountry "ESP"]
[SourceTitle "playchess.com"]
[Source "ChessBase"]
[SourceQuality "1"]
[TimeControl "5400+30"]

1. e4 e5 2. Nf3 Nf6 3. Nxe5 d6 4. Nf3 Nxe4 5. Qe2 Qe7 6. d3 Nf6 7. Bg5 Qxe2+ 8. Bxe2 Be7 9. Nc3 c6 10. O-O Nbd7 11. Rfe1 Nf8 12. h3 Ne6 13. Bd2 O-O 14. d4 d5 15. Bd3 Bd6 16. g3 Bd7 17. Rad1 Rfe8 18. a3 Bc7 19. Kg2 Rad8 20. Kg1 Bc8 21. Kg2 Bd7 22. Kg1 Bc8 23. Kg2 1/2-1/2

[Event "Magistral Ajedrez 2019"]
[Site "Zaragoza"]
[Date "2019.07.21"]
[Round "9.5"]
[White "Dardha, Daniel"]
[Black "Kovacevic, Slobodan"]
[Result "1/2-1/2"]
[ECO "E00"]
[WhiteElo "2420"]
[BlackElo "2257"]
[Annotator "NA"]
[PlyCount "55"]
[EventDate "2019.07.15"]
[EventType "swiss"]
[EventCountry "ESP"]
[SourceTitle "playchess.com"]
[Source "ChessBase"]
[SourceQuality "1"]
[TimeControl "5400+30"]

1. d4 Nf6 2. c4 e6 3. Nc3 c5 4. Nf3 cxd4 5. Nxd4 a6 6. a3 Qc7 7. e4 b6 8. Be3 Bb7 9. f3 d6 10. Rc1 Nbd7 11. Be2 Rc8 12. O-O Be7 13. b4 O-O 14. Nb3 Qb8 15. Kh1 Rfe8 16. Bg1 Bd8 17. Qd2 Bc7 18. Rc2 Red8 19. Rd1 Ne5 20. Qc1 Nfd7 21. Bf1 h6 22. Qb1 Qa8 23. Bf2 Rb8 24. Qc1 Rbc8 25. Qb1 Rb8 26. Qc1 Rbc8 27. Qb1 Rb8 28. Qc1 1/2-1/2